 Dungeon Crawl Stone Soup version 0.30-a0-618-gd6c86c23d0 (webtiles) character file.

Game seed: 3231429464427800733

690 drugrobin the Insei (level 7, -2/56 HPs)
             Began as a Demigod Delver on Jan 9, 2023.
             Splashed by a jelly's acid (5 damage)
             ... on level 4 of the Dungeon.
             The game lasted 00:12:48 (3099 turns).

drugrobin the Insei (Demigod Delver)                Turns: 3099, Time: 00:12:49

Health: -2/56      AC: -16   Str: 17    XL:     7   Next: 13%
Magic:  9/9        EV: 12    Int: 12    God:
Gold:   199        SH:  0    Dex: 25    Spells: 6/6 levels left

rFire   . . .      SeeInvis .      - Unarmed
rCold   . . .      Faith    .    (no shield)
rNeg    . . .      Spirit   .    a - +0 leather armour
rPois   .          Reflect  .    (no helmet)
rElec   .          Harm     .    (no cloak)
rCorr   .          Rampage  .    (no gloves)
Will    +....                    p - +0 pair of boots
Stlth   +++                      c - amulet of regeneration
HPRegen 1.09/turn                x - +6 ring of dexterity
MPRegen 0.11/turn                i - ring of willpower

@: corroded
A: high MP 1, forlorn, divine attributes
a: no special abilities


You were on level 4 of the Dungeon.
You visited 1 branch of the dungeon, and saw 5 of its levels.

You collected 199 gold pieces.

Inventory:

Hand Weapons
 b - a +2 short sword of speed
 h - a +0 war axe
Missiles
 s - 5 poisoned darts (quivered)
Armour
 a - a +0 leather armour (worn)
 p - a +0 pair of boots (worn)
Jewellery
 c - an amulet of regeneration (around neck)
 i - a ring of willpower (right hand)
 x - a +6 ring of dexterity (left hand)
 y - a ring of willpower
 A - a ring of willpower
Wands
 f - a wand of digging (2)
Scrolls
 d - 3 scrolls of fog
 g - a scroll of poison {unknown}
 j - 6 scrolls of teleportation {unknown}
 l - a scroll of brand weapon {unknown}
 o - a scroll of blinking {unknown}
 q - a scroll of enchant armour {unknown}
 t - 2 scrolls of immolation {unknown}
 v - a scroll of fear
Potions
 e - 2 potions of haste
 k - 2 potions of lignification {unknown}
 m - a potion of curing {unknown}
 n - 3 potions of heal wounds {unknown}
 r - a potion of attraction {unknown}
 w - a potion of invisibility {unknown}
 z - 2 potions of experience {unknown}


   Skills:
 - Level 2.6 Fighting
 - Level 1.7 Dodging
 - Level 4.5 Stealth
 + Level 7.6 Unarmed Combat


You had 6 spell levels left.
You didn't know any spells.
Your spell library contained the following spells:

 Spells                   Type           Power      Damage    Failure   Level
 Cigotuvi's Dreadful Rot  Necr/Pois/Air  0%         N/A       52%         2
 Poisonous Vapours        Pois/Air       0%         N/A       52%         2
 Mephitic Cloud           Conj/Pois/Air  0%         N/A       77%         3
 Tukima's Dance           Hex            0%         N/A       77%         3
 Passage of Golubria      Tloc           0%         N/A       99%         4
 Yara's Violent Unravell  Hex/Tmut       0%         3d3       100%        5


Dungeon Overview and Level Annotations

Branches:
Dungeon (5/15)             Temple (0/1) D:4

Annotations:
D:5 exclusion: ogre, Eustachio


Innate Abilities, Weirdness & Mutations

You have an increased reservoir of magic. (+10% MP)
You shall have no god before yourself.
Your divine heritage dramatically boosts your attributes as you level up.


Message History

Unknown command.
Throw: 6 darts (poison)
Press: ? - help, Q - select action, (/) - cycle Shift-Dir - straight line, f - jelly
Aim: a jelly (wandering, hasn't noticed you, 91% to hit)
You throw a poisoned dart. The poisoned dart hits the jelly.
Unknown command.
Throw: 2 javelins (silver)
Press: ? - help, Shift-Dir - straight line, p - jelly You throw a silver javelin.
Unknown command.
Throw: javelin (silver)
Press: ? - help, Shift-Dir - straight line You throw a silver javelin.
The jelly hits you. The acid corrodes you!
You are splashed with acid!
You hit the jelly.
Your hands burn!
The jelly is moderately wounded.
You hit the jelly. The acid corrodes you!
Your hands burn!
The jelly is heavily wounded.
The jelly hits you.
You are splashed with acid!
You hit the jelly.
Your hands burn!
The jelly is heavily wounded.
The jelly misses you.
You hit the jelly.
Your hands burn!
The jelly is severely wounded.
The jelly closely misses you.
You hit the jelly.
Your hands burn!
You punch the jelly, but do no damage.
The jelly is almost dead.
The jelly barely misses you.
You hit the jelly but do no damage. The acid corrodes you!
Your hands burn!
The jelly is almost dead.
The jelly hits you. The acid corrodes you!
You are splashed with acid!
* * * LOW HITPOINT WARNING * * *
You hit the jelly but do no damage.
Your hands burn!
* * * LOW HITPOINT WARNING * * *
You punch the jelly, but do no damage.
The jelly is almost dead.
The jelly hits you.
* * * LOW HITPOINT WARNING * * *
The acid corrodes you!
You are splashed with acid.
You die...

..P....P....#~~P. ##~~≈.~♣♣#
....PPP..P....~.# ####♣~~.~♣
>P....P§P.......+ ....~~~.P♣
†P.§.§.P...#....### ###~~P~.~♣♣#
..................# #P~P~.~P~♣#
..§...PP.P#.....#.#####~~P~.~~~~#
..........#............~~~P.~~~~#
.....P...P#....J.......♣~~~.~~~P#
.#..P........<..@.(.....♣~~†~~~♣#
.#.........#............#~~.~~♣#
##.........###...........#♣.~P#
...#######...'...............##
#### #.###..........#....# #.#
#..........###### ###
#..........# #..........#
#.(........#


You could see a jelly.

Vanquished Creatures
  Pikel (D:4)
  A lemure (D:3)
  A hound (D:3)
  Natasha (D:4)
  8 gnolls
  3 adders
  A worm (D:2)
  8 orcs
  9 ball pythons
  9 bats
  6 endoplasms
  2 giant cockroaches
  9 hobgoblins
  6 jackals
  8 kobolds
  7 quokkas
  5 goblins
  8 rats
93 creatures vanquished.

Vanquished Creatures (others)
  4 plants (D:4)
4 creatures vanquished.

Grand Total: 97 creatures vanquished

Notes
Turn   | Place    | Note
-------+----------+-------------------------------------------
     0 | D:5      | drugrobin the Demigod Delver began the quest for the Orb.
     0 | D:5      | Reached XP level 1. HP: 18/18 MP: 3/3
    29 | D:5      | Noticed an ogre
    38 | D:5      | Noticed Eustachio
    56 | D:4      | Found a staircase to the Ecumenical Temple.
    71 | D:4      | Noticed a jelly
   110 | D:3      | Reached skill level 2 in Unarmed Combat
   336 | D:1      | Reached XP level 2. HP: 25/25 MP: 4/4
   421 | D:1      | Reached skill level 3 in Unarmed Combat
   554 | D:1      | Reached XP level 3. HP: 30/30 MP: 5/5
  1522 | D:2      | Reached skill level 4 in Unarmed Combat
  1832 | D:3      | Reached XP level 4. HP: 37/37 MP: 6/6
  2121 | D:3      | Reached skill level 5 in Unarmed Combat
  2133 | D:3      | Reached XP level 5. HP: 42/42 MP: 7/7
  2566 | D:4      | Noticed Pikel
  2969 | D:4      | Killed Pikel
  2970 | D:4      | Reached skill level 7 in Unarmed Combat
  2970 | D:4      | Reached XP level 6. HP: 44/50 MP: 8/8
  2970 | D:4      | Reached XP level 7. HP: 49/56 MP: 9/9
  3058 | D:4      | Noticed Natasha
  3067 | D:4      | Killed Natasha
  3099 | D:4      | Splashed by a jelly's acid

Illustrated notes

Levels and vault maps discovered:
D:1:      amcnicky_arrival_blooded_trapdoor, layout_basic, serial_bayou_pond_e,
          glass_columns_a
D:2:      layout_basic, basic_altar, serial_corexii_hall,
          chequers_hall_statues_wall_a, corexii_hall_statues_i,
          serial_park_tiny_pond, minmay_between
D:3:      layout_basic, kennysheep_okawaru_gauntlet, solitary_fountain
D:4:      layout_basic, nicolae_hepliaklqana_hazy_memory,
          nicolae_gozag_seed_capital, nicolae_dithmenos_the_darkroom,
          minmay_temple_entry_statues_pillars, serial_bayou_lagoon_b,
          uniq_pikel, uniq_natasha
D:5:      layout_cave_pools, nicolae_tso_swordbearing_angel, uniq_eustachio

Skill      XL: |  1  2  3  4  5 |
---------------+----------------+-----
Unarmed Combat | 2 3 4 5 7 |  7.6
Fighting       | |  2.6
Dodging        | |  1.7
Stealth        | |  4.5

Action                   |  1- 3 |  4- 6 |  7- 9 || total
-------------------------+-------+-------+-------++-------
Melee: Unarmed           |    62 |    17 |     8 ||    87
       War axe           |     5 |       |       ||     5
       Punch             |     6 |     3 |     2 ||    11
       Short sword       |   119 |   138 |     9 ||   266
Throw: Boomerang         |       |    26 |       ||    26
       Throwing net      |       |     1 |       ||     1
       Javelin           |       |       |     2 ||     2
       Dart              |       |       |     1 ||     1
Evoke: Wand              |     1 |       |       ||     1
  Use: Scroll            |     2 |       |       ||     2
 Stab: Sleeping          |    11 |     6 |     1 ||    18
       Held in net/web   |       |     3 |       ||     3
Armor: Leather armour    |    32 |    20 |     3 ||    55
Dodge: Dodged            |   118 |    50 |     8 ||   176

Table legend: (Time is in decaauts)
 A = Elapsed time spent in this place.
 B = Non-inter-level travel time spent in this place.
 C = Inter-level travel time spent in this place.
 D = Time resting spent in this place.
 E = Time spent auto-exploring this place.
 F = Levels seen in this place.
 G = Mean time per level.
                   A        B        C        D        E       F      G
               +--------+--------+--------+--------+--------+-----+--------+
         Total |   3013 |   2852 |    161 |     37 |   1739 |   5 |  602.6 |
       Dungeon |   3013 |   2852 |    161 |     37 |   1739 |   5 |  602.6 |
               +--------+--------+--------+--------+--------+-----+--------+

Top non-repeatable levels by time:
     D:1: 928 daAuts
     D:3: 905 daAuts
     D:2: 643 daAuts
     D:4: 510 daAuts
     D:5: 26 daAuts
